 Dungeon Crawl Stone Soup version 0.19.1 (webtiles) character file.

166 Firecrotchwizard the Skirmisher (level 5, 0/37 HPs)
             Began as an Octopode Fighter on Dec 22, 2016.
             Slain by an orc priest
             ... wielding a +0 hand axe
              (8 damage)
             ... on level 3 of the Dungeon.
             The game lasted 00:06:08 (2360 turns).

Firecrotchwizard the Skirmisher (Octopode Fighter)  Turns: 2360, Time: 00:06:08

Health: 0/37       AC:  1    Str: 17    XL:     5   Next: 47%
Magic:  5/5        EV: 12    Int: 10    God:
Gold:   112        SH:  9    Dex: 14    Spells: 0 memorised, 4 levels left

rFire  . . .     SeeInvis .     a - +0 long sword
rCold  . . .     Gourm    .     b - +0 shield
rNeg   . . .     Faith    .     (helmet restricted)
rPois  .         Spirit   .     (no amulet)
rElec  .         Reflect  .     h - +3 ring of dexterity
rCorr  +         Harm     .     n - ring of resist corrosion
MR     .....                    (no ring)
Stlth  ++........               (no ring)
                                (no ring)
                                (no ring)
                                (no ring)
                                (no ring)

@: no status effects
A: almost no armour, stealthy swim, amphibious, 8 rings, constrict 8, camouflage
1, gelatinous body 1
a: no special abilities


You were on level 3 of the Dungeon.
You were not hungry.

You visited 1 branch of the dungeon, and saw 3 of its levels.

You collected 112 gold pieces.

Inventory:

Hand Weapons
 a - a +0 long sword (weapon)
Missiles
 k - 2 throwing nets (quivered)
Armour
 b - a +0 shield (worn)
Jewellery
 h - a +3 ring of dexterity (left tentacle)
 n - a ring of resist corrosion (right tentacle)
Scrolls
 e - 5 scrolls of identify {unknown}
 g - 2 scrolls of teleportation {unknown}
 i - a scroll of fear {unknown}
 j - a scroll of magic mapping {unknown}
 m - a scroll of enchant weapon {unknown}
 o - 2 scrolls of amnesia {unknown}
 p - 2 scrolls of fog {unknown}
 r - a scroll of recharging {unknown}
Potions
 c - 2 potions of might
 f - a potion of curing {unknown}
 l - 2 potions of haste {unknown}
 s - 2 potions of agility {unknown}
 v - a potion of brilliance {unknown}
Comestibles
 d - 2 bread rations
 q - 2 beef jerkies
 t - 2 slices of pizza
 u - 2 chunks of flesh


   Skills:
 * Level 4.2 Fighting
 * Level 3.7 Long Blades
 + Level 3.5 Dodging
 + Level 3.5 Shields


You had 4 spell levels left.
You didn't know any spells.

Dungeon Overview and Level Annotations

Branches:
Dungeon (3/15)

Altars:
Elyvilon
Makhleb


Innate Abilities, Weirdness & Mutations

You cannot wear most types of armour.
You are very stealthy in the water. (Stealth+)
You are amphibious.
You can wear up to eight rings at the same time.
You can use your tentacles to constrict eight enemies at once.
Your skin changes colour to match your surroundings (Stealth+).
Your rubbery body absorbs attacks. (AC +1, EV +1)


Message History

The orc priest looks encouraged for a moment.
You block the orc priest's attack.
You slash the orc priest!
You kill the orc priest!
Things that are here:
a club; a kobold corpse You closely miss the orc.
You grab the orc. You squeeze the orc.
The orc is almost dead.
You constrict the orc.
You kill the orc!
You barely miss the orc. Your grab misses the orc. You block the orc's attack.
You hit the orc. Your grab misses the orc.
The orc is almost dead.
The orc closely misses you.
The orc priest hits you with a hand axe.
* * * LOW HITPOINT WARNING * * *
You hit the orc.
You kill the orc!
The orc priest hits you with a hand axe!
You die...

#.### #........# ###
###.... #........#
.......###........#
#........#...[....#######
#....(...#...............
#........######.#########
#........................
#........######.#########
#......o@# #.########.
###+#.))## #..........
##.#..)#######.########.
.........)oo..#.# #.
###.###########.# #. #.
#_# #. # ### ## #1# ##


You could see an orc priest.

Vanquished Creatures
  An orc priest (D:3)
  5 adders
  An ooze (D:3)
  3 worms (D:2)
  3 dart slugs (D:1)
  4 leopard geckos (D:2)
  3 orcs (D:3)
  2 giant cockroaches (D:1)
  7 goblins
  7 hobgoblins
  7 jackals
  3 ball pythons
  3 bats (D:2)
  2 frilled lizards
  7 kobolds
  10 rats
68 creatures vanquished.

Vanquished Creatures (others)
  A dart slug (D:2)
1 creature vanquished.

Grand Total: 69 creatures vanquished

Notes
Turn   | Place    | Note
-------+----------+-------------------------------------------
     0 | D:1      | Firecrotchwizard the Octopode Fighter began the quest for the Orb.
     0 | D:1      | Reached XP level 1. HP: 16/16 MP: 1/1
    85 | D:1      | Reached XP level 2. HP: 21/21 MP: 2/2
   454 | D:1      | Reached XP level 3. HP: 24/26 MP: 3/3
   810 | D:2      | Found a white marble altar of Elyvilon.
  1149 | D:2      | Reached XP level 4. HP: 20/33 MP: 4/4
  2141 | D:3      | Reached XP level 5. HP: 37/37 MP: 5/5
  2213 | D:3      | Reached skill level 4 in Fighting
  2244 | D:3      | Found a burning altar of Makhleb.
  2246 | D:3      | Noticed an Executioner
  2360 | D:3      | Slain by an orc priest

Skill      XL: |  1  2  3  4  5 |
---------------+----------------+-----
Long Blades    | 3 |  3.7
Fighting       | 4 |  4.2
Dodging        | |  3.5
Shields        | |  3.5

Action                   |  1- 3 |  4- 6 || total
-------------------------+-------+-------++-------
Melee: Long sword        |    71 |    48 ||   119
       Constrict         |    25 |    15 ||    40
       Tentacles         |    14 |    11 ||    25
 Stab: Sleeping          |     3 |     4 ||     7
       Distracted        |     2 |       ||     2
  Eat: Chunk             |     1 |     4 ||     5
Armor: Skin              |     4 |     1 ||     5
Dodge: Dodged            |    33 |    15 ||    48
Block: Shield            |    30 |    19 ||    49
       Rpst.: Long sword |    12 |     4 ||    16
